 Dungeon Crawl Stone Soup version 0.22-a0-348-gd16d139 (webtiles) character file.

31 kidcy the Skirmisher (level 3, -3/33 HPs)
             Began as a Hill Orc Fighter on Apr 10, 2018.
             Slain by a gnoll
             ... wielding a +0 spear
              (8 damage)
             ... on level 1 of the Dungeon.
             The game lasted 00:02:51 (1194 turns).

kidcy the Skirmisher (Hill Orc Fighter)             Turns: 1194, Time: 00:02:52

Health: -3/33      AC:  6    Str: 19    XL:     3   Next: 22%
Magic:  3/3        EV:  7    Int:  8    God:
Gold:   44         SH:  9    Dex: 10    Spells: 2/2 levels left

rFire    . . .     SeeInvis .   a - +0 flail
rCold    . . .     Gourm    .   c - +0 shield
rNeg     . . .     Faith    .   b - +0 scale mail
rPois    .         Spirit   .   (no helmet)
rElec    .         Reflect  .   (no cloak)
rCorr    .         Harm     .   (no gloves)
MR       .....                  (no boots)
Stlth    ..........             (no amulet)
HPRegen  0.11/turn              (no ring)
MPRegen  0.08/turn              (no ring)

@: no status effects
A: no striking features
a: no special abilities


You were on level 1 of the Dungeon.
You were very hungry.

You visited 1 branch of the dungeon, and saw 2 of its levels.

You collected 44 gold pieces.

Inventory:

Hand Weapons
 a - a +0 flail (weapon)
Armour
 b - a +0 scale mail (worn)
 c - a +0 shield (worn)
Scrolls
 h - a scroll of identify {unknown}
Potions
 d - a potion of might
 e - a potion of brilliance {unknown}
 g - a potion of ambrosia {unknown}
 i - a potion of flight {unknown}
Comestibles
 f - 2 rations


   Skills:
 + Level 4.0 Fighting
 * Level 3.0 Maces & Flails
 + Level 3.6 Armour
 + Level 3.6 Shields


You had 2 spell levels left.
You didn't know any spells.

Dungeon Overview and Level Annotations

Branches:
Dungeon (2/15)

Altars:
Trog


Message History

The goblin hits you but does no damage.
There is a stone staircase leading down here.
You closely miss the gnoll. The gnoll hits you with a spear.
* * * LOW HITPOINT WARNING * * *
You block the hobgoblin's attack. The goblin hits you but does no damage.
The gnoll hits you but does no damage.
Your shield prevents you from hitting the gnoll.
The hobgoblin hits you but does no damage.
You block the goblin's attack. The gnoll barely misses you.
The hobgoblin closely misses you.
You hit the gnoll.
The gnoll is lightly wounded.
You block the goblin's attack. The gnoll hits you but does no damage.
You block the hobgoblin's attack.
You hit the gnoll.
The gnoll is severely wounded.
You block the goblin's attack. You block the gnoll's attack.
The hobgoblin hits you but does no damage.
The goblin hits you but does no damage. The gnoll hits you with a spear!
You die...

......#######.#
...........##.#
#####.####.##g# #.#
#.##.# ##.####.##g#
#........#.#
#..#.).....#
#..#.##..#######
####...#.#.....g@g#
....[.###.)....##g#
####.#.#.#####.##S#
#.##.######.##.#####
#........##.##.....#
####..#####.##.######.#
..##..# #....# #.#
#.....# #...## #.#
#.###.#
################


You could see a gnoll, an adder, a hobgoblin and a goblin.

Vanquished Creatures
  A dart slug (D:1)
  A leopard gecko (D:2)
  A ball python (D:1)
  2 bats
  3 giant cockroaches (D:1)
  3 goblins (D:1)
  4 hobgoblins
  3 jackals
  2 frilled lizards (D:1)
  A kobold (D:1)
  4 rats
25 creatures vanquished.

Notes
Turn   | Place    | Note
-------+----------+-------------------------------------------
     0 | D:1      | kidcy the Hill Orc Fighter began the quest for the Orb.
     0 | D:1      | Reached XP level 1. HP: 19/19 MP: 1/1
   137 | D:1      | Reached XP level 2. HP: 27/27 MP: 2/2
   700 | D:1      | Reached XP level 3. HP: 18/33 MP: 3/3
   883 | D:2      | Reached skill level 4 in Fighting
  1032 | D:2      | Found a bloodstained altar of Trog.
  1194 | D:1      | Slain by a gnoll

Vault maps used:
D:1:      minmay_arrival_widening_spiral_wide
D:2:      lemuel_coloured_pillars_altar, led_sif_pool, first_ration,
          bloody_trog, uniq_natasha

Skill      XL: |  1  2  3 |
---------------+----------+-----
Maces & Flails | 3 |  3.0
Fighting       | 4 |  4.0
Armour         | |  3.6
Shields        | |  3.6

Action                   || total
-------------------------++-------
Melee: Flail             ||    97
Armor: Scale mail        ||    63
Dodge: Dodged            ||    35
Block: Shield            ||    69

Table legend:
 A = Spawn XP
 B = Non-spawn XP
 C = Spawn XP percentage of total XP
 D = Spawn monster count
 E = Non-spawn monster count
 F = Spawn count percentage of total count
 G = Total turns spent on level
                    A         B        C        D         E        F      G
               +---------+---------+-------+---------+---------+-------+---------
         Total |       0 |      45 |   0.0 |       0 |      25 |   0.0 |  1194
               +---------+---------+-------+---------+---------+-------+---------
           D:1 |       0 |      34 |   0.0 |       0 |      19 |   0.0 |   981
           D:2 |       0 |      11 |   0.0 |       0 |       6 |   0.0 |   213
               +---------+---------+-------+---------+---------+-------+---------
